| TOP OF THE 1ST |
|
Minot Jets batting - Pitching for Billings Mustangs : RHP James Smith
|
|
Pitching: RHP James Smith
|
|
|
Batting: RHB George Ramos
|
0-0: Ball 1-0: Foul Ball, location: 2F 1-1: Fly out, F9 (Flyball, 9LMF)
|
|
Batting: RHB John Denman
|
0-0: Ball 1-0: Called Strike 1-1: Ball 2-1: Called Strike 2-2: Fly out, F9 (Flyball, 9)
|
|
Batting: LHB Doe Boyland
|
0-0: Ball 1-0: Called Strike 1-1: DOUBLE (Line Drive, 5D)
|
|
Batting: LHB Orlando Sanchez
|
0-0: Foul Ball, location: 2F 0-1: Swinging Strike 0-2: Ball 1-2: Strikes out looking
|
| Top of the 1st over - 0 runs, 1 hit, 0 errors, 1 left on base; Minot 0 - Billings 0 |
| BOTTOM OF THE 1ST |
|
Billings Mustangs batting - Pitching for Minot Jets : RHP Josh West
|
|
Pitching: RHP Josh West
|
|
|
Batting: LHB Bob Bourne
|
0-0: Ball 1-0: Ball 2-0: Called Strike 2-1: Foul Ball, location: 2F 2-2: Foul Ball, location: 2F 2-2: Strikes out swinging
|
|
Batting: LHB Juan Navarrete
|
0-0: Called Strike 0-1: Ball 1-1: Ball 2-1: Ball 3-1: Ground out 6-3 (Groundball, 6M)
|
|
Batting: RHB Mark Hopper
|
0-0: Ground out 6-3 (Groundball, 56)
|
| Bottom of the 1st over - 0 runs, 0 hits, 0 errors, 0 left on base; Minot 0 - Billings 0 |
| TOP OF THE 2ND |
|
Minot Jets batting - Pitching for Billings Mustangs : RHP James Smith
|
|
Batting: RHB George Gross
|
0-0: Ground out 6-3 (Groundball, 6S)
|
|
Batting: LHB William Gifford
|
0-0: SINGLE (Groundball, 6D)
|
|
Batting: LHB Gerald Linnert
|
0-0: Foul Ball, location: 2F 0-1: Ball 1-1: Ground out 4-3 (Groundball, 34D) William Gifford to second
|
|
Batting: SHB Rafael Santo Domingo
|
0-0: SINGLE (Flyball, 8RS) William Gifford to third Runner from 3rd tries for Home, SAFE, throw by CF to home Rafael Santo Domingo to second
|
|
Batting: LHB Richard Rickman
|
0-0: Called Strike 0-1: Ball 1-1: Ground out U3 (Groundball, 3S)
|
| Top of the 2nd over - 1 run, 2 hits, 0 errors, 1 left on base; Minot 1 - Billings 0 |
| BOTTOM OF THE 2ND |
|
Billings Mustangs batting - Pitching for Minot Jets : RHP Josh West
|
|
Batting: LHB Pedro Giugino
|
0-0: Called Strike 0-1: Ball 1-1: Ground out 4-3 (Groundball, 4)
|
|
Batting: LHB Tom Hester
|
0-0: SINGLE (Groundball, 3D)
|
|
Batting: LHB Stanley Davis
|
0-0: Grounds into double play, 6-4-3 (Groundball, 6)
|
| Bottom of the 2nd over - 0 runs, 1 hit, 0 errors, 0 left on base; Minot 1 - Billings 0 |
| TOP OF THE 3RD |
|
Minot Jets batting - Pitching for Billings Mustangs : RHP James Smith
|
|
Batting: RHB George Ramos
|
0-0: Called Strike 0-1: Ball 1-1: Foul Ball, location: 2F 1-2: Ball 2-2: Strikes out swinging
|
|
Batting: RHB John Denman
|
0-0: Called Strike 0-1: Foul Ball, location: 2F 0-2: Ball 1-2: SINGLE (Groundball, 56D)
|
|
Batting: LHB Doe Boyland
|
0-0: 2-RUN HOME RUN (Flyball, 7LD), Distance : 330 ft
|
|
Batting: LHB Orlando Sanchez
|
0-0: Ball 1-0: Ball 2-0: Foul Ball, location: 2F 2-1: Ball 3-1: SOLO HOME RUN (Flyball, 9LD), Distance : 353 ft
|
|
Batting: RHB George Gross
|
0-0: Ball 1-0: Fly out, F8 (Flyball, 89S)
|
|
Batting: LHB William Gifford
|
0-0: Ground out 6-3 (Groundball, 6)
|
| Top of the 3rd over - 3 runs, 3 hits, 0 errors, 0 left on base; Minot 4 - Billings 0 |
| BOTTOM OF THE 3RD |
|
Billings Mustangs batting - Pitching for Minot Jets : RHP Josh West
|
|
Batting: RHB Aurin Matos
|
0-0: Ball 1-0: Ball 2-0: Called Strike 2-1: Foul Ball, location: 2F 2-2: Ball 3-2: Base on Balls
|
|
Batting: RHB Michael Cash
|
0-0: Called Strike Aurin Matos is caught stealing 2nd base 2-4 0-1: Ball 1-1: Ball 2-1: Called Strike 2-2: Foul Ball, location: 2F 2-2: SINGLE (Flyball, 78S)
|
|
Batting: RHB Joseph Russell
|
0-0: Called Strike 0-1: Called Strike 0-2: Ball 1-2: Ball 2-2: Fly out, F9 (Flyball, 9S)
|
|
Batting: LHB Bob Bourne
|
0-0: Ball 1-0: Fly out, F6 (Popup, 25)
|
| Bottom of the 3rd over - 0 runs, 1 hit, 0 errors, 1 left on base; Minot 4 - Billings 0 |
| TOP OF THE 4TH |
|
Minot Jets batting - Pitching for Billings Mustangs : RHP James Smith
|
|
Batting: LHB Gerald Linnert
|
0-0: Ground out U3 (Groundball, 3)
|
|
Batting: SHB Rafael Santo Domingo
|
0-0: Ball 1-0: Swinging Strike 1-1: Fly out, F5 (Popup, 56)
|
|
Batting: LHB Richard Rickman
|
0-0: Fly out, F7 (Flyball, 7LS)
|
| Top of the 4th over - 0 runs, 0 hits, 0 errors, 0 left on base; Minot 4 - Billings 0 |
| BOTTOM OF THE 4TH |
|
Billings Mustangs batting - Pitching for Minot Jets : RHP Josh West
|
|
Batting: LHB Juan Navarrete
|
0-0: Ground out 5-3 (Groundball, 5)
|
|
Batting: RHB Mark Hopper
|
0-0: Called Strike 0-1: Ball 1-1: Fly out, F1 (Line Drive, P)
|
|
Batting: LHB Pedro Giugino
|
0-0: Ball 1-0: Called Strike 1-1: Ground out U3 (Groundball, 3L)
|
| Bottom of the 4th over - 0 runs, 0 hits, 0 errors, 0 left on base; Minot 4 - Billings 0 |
| TOP OF THE 5TH |
|
Minot Jets batting - Pitching for Billings Mustangs : RHP James Smith
|
|
Batting: RHB George Ramos
|
0-0: Ball 1-0: Ball 2-0: Ball 3-0: Called Strike 3-1: Foul Ball, location: 2F 3-2: TRIPLE (Line Drive, 78XD)
|
|
Batting: RHB John Denman
|
0-0: Called Strike 0-1: Ball 1-1: Ball 2-1: SINGLE (Line Drive, 7LS) George Ramos scores
|
|
Batting: LHB Doe Boyland
|
0-0: Ball 1-0: Ball 2-0: Called Strike 2-1: Fly out, F8 (Flyball, 78D)
|
|
Batting: LHB Orlando Sanchez
|
0-0: SINGLE (Groundball, 34D) John Denman to second Runner from 2nd tries for 3rd, SAFE, throw by RF made to third
|
|
Batting: RHB George Gross
|
0-0: Called Strike 0-1: Swinging Strike 0-2: Ball 1-2: Foul Ball, location: 2F 1-2: Grounds into double play, 5-4-3 (Groundball, 56)
|
| Top of the 5th over - 1 run, 3 hits, 0 errors, 1 left on base; Minot 5 - Billings 0 |
| BOTTOM OF THE 5TH |
|
Billings Mustangs batting - Pitching for Minot Jets : RHP Josh West
|
|
Batting: LHB Tom Hester
|
0-0: Called Strike 0-1: Called Strike 0-2: Ball 1-2: Ball 2-2: Foul Ball, location: 2F 2-2: Strikes out swinging
|
|
Batting: LHB Stanley Davis
|
0-0: Ball 1-0: Swinging Strike 1-1: Foul Ball, location: 2F 1-2: Ball 2-2: Ball 3-2: Foul Ball, location: 2F 3-2: Base on Balls
|
|
Batting: RHB Aurin Matos
|
0-0: Called Strike 0-1: Ball 1-1: Foul Ball, location: 2F 1-2: Ball 2-2: Foul Ball, location: 2F 2-2: Ball 3-2: Fielders Choice at 2nd, 5-4 (Groundball, 56)
|
|
Batting: RHB Michael Cash
|
0-0: Ball 1-0: Ball Wild Pitch! Aurin Matos to second 2-0: Foul Ball, location: 2F 2-1: Foul Ball, location: 2F 2-2: Strikes out looking
|
| Bottom of the 5th over - 0 runs, 0 hits, 0 errors, 1 left on base; Minot 5 - Billings 0 |
| TOP OF THE 6TH |
|
Minot Jets batting - Pitching for Billings Mustangs : RHP James Smith
|
|
Batting: LHB William Gifford
|
0-0: Fly out, F9 (Flyball, 9D)
|
|
Batting: LHB Gerald Linnert
|
0-0: Ground out U3 (Groundball, 3)
|
|
Batting: SHB Rafael Santo Domingo
|
0-0: Ball 1-0: Swinging Strike 1-1: Swinging Strike 1-2: Ball 2-2: Fly out, F4 (Line Drive, 4)
|
| Top of the 6th over - 0 runs, 0 hits, 0 errors, 0 left on base; Minot 5 - Billings 0 |
| BOTTOM OF THE 6TH |
|
Billings Mustangs batting - Pitching for Minot Jets : RHP Josh West
|
|
Batting: RHB Joseph Russell
|
0-0: Ball 1-0: Foul Ball, location: 2F 1-1: Ball 2-1: Foul Ball, location: 2F 2-2: Fly out, F8 (Flyball, 78M)
|
|
Batting: LHB Bob Bourne
|
0-0: Called Strike 0-1: Called Strike 0-2: Strikes out swinging
|
|
Batting: LHB Juan Navarrete
|
0-0: DOUBLE (Line Drive, 78D)
|
|
Batting: RHB Mark Hopper
|
0-0: Called Strike 0-1: Called Strike 0-2: Foul Ball, location: 2F 0-2: Ground out 6-3 (Groundball, 6)
|
| Bottom of the 6th over - 0 runs, 1 hit, 0 errors, 1 left on base; Minot 5 - Billings 0 |
| TOP OF THE 7TH |
|
Minot Jets batting - Pitching for Billings Mustangs : RHP James Smith
|
|
Batting: LHB Richard Rickman
|
0-0: Called Strike 0-1: Foul Ball, location: 2F 0-2: Foul Ball, location: 2F 0-2: Ground out 4-3 (Groundball, 4)
|
|
Batting: RHB George Ramos
|
0-0: Foul Ball, location: 2F 0-1: Ball 1-1: Ball 2-1: Ball 3-1: Called Strike 3-2: Base on Balls
|
|
Batting: RHB John Denman
|
0-0: Ball 1-0: Foul Ball, location: 2F 1-1: Fly out, F9 (Flyball, 9)
|
|
Batting: LHB Doe Boyland
|
0-0: Ball George Ramos is caught stealing 2nd base 2-6
|
| Top of the 7th over - 0 runs, 0 hits, 0 errors, 0 left on base; Minot 5 - Billings 0 |
| BOTTOM OF THE 7TH |
|
Billings Mustangs batting - Pitching for Minot Jets : RHP Josh West
|
|
Batting: LHB Pedro Giugino
|
0-0: Ball 1-0: Ball 2-0: SINGLE (Line Drive, 89S)
|
|
Batting: LHB Tom Hester
|
0-0: Ball 1-0: Ball 2-0: Ball 3-0: Base on Balls Pedro Giugino to second
|
|
Batting: LHB Stanley Davis
|
0-0: SINGLE (Groundball, 5D) Pedro Giugino to third Tom Hester to second
|
|
Batting: RHB Aurin Matos
|
0-0: Fly out, F8 (Flyball, 8RD) Runner from 3rd tags up, SCORES, no throw by CF
|
|
Batting: RHB Michael Cash
|
0-0: Ball 1-0: Ball 2-0: Called Strike 2-1: Foul Ball, location: 2F 2-2: Ball 3-2: Grounds into double play, 1-6-3 (Groundball, 34S)
|
| Bottom of the 7th over - 1 run, 2 hits, 0 errors, 1 left on base; Minot 5 - Billings 1 |
| TOP OF THE 8TH |
|
Minot Jets batting - Pitching for Billings Mustangs : RHP James Smith
|
|
Batting: LHB Doe Boyland
|
0-0: SOLO HOME RUN (Flyball, 9D), Distance : 367 ft
|
|
Batting: LHB Orlando Sanchez
|
0-0: Called Strike 0-1: Ball 1-1: Ball 2-1: Foul Ball, location: 2F 2-2: Strikes out swinging
|
|
Batting: RHB George Gross
|
0-0: Ball 1-0: SINGLE (Line Drive, 78S)
|
|
Batting: LHB William Gifford
|
0-0: Ball 1-0: Called Strike 1-1: Ball George Gross steals 2nd base 2-1: Called Strike 2-2: Ball 3-2: Base on Balls
|
|
Pitching: RHP Salvador Sandoval
|
|
|
Batting: LHB Gerald Linnert
|
0-0: Called Strike 0-1: 3-RUN HOME RUN (Line Drive, 9D), Distance : 348 ft
|
|
Batting: SHB Rafael Santo Domingo
|
0-0: Foul Ball, location: 2F 0-1: Ball 1-1: Swinging Strike 1-2: Foul Ball, location: 2F 1-2: Ball 2-2: Foul Ball, location: 2F 2-2: Foul Ball, location: 2F 2-2: Reached on error, E5 (Groundball, 56)
|
|
Batting: LHB Richard Rickman
|
0-0: Ball 1-0: Fly out, F7 (Flyball, 7D)
|
|
Batting: RHB George Ramos
|
0-0: Ball 1-0: Fly out, F7 (Flyball, 78S)
|
| Top of the 8th over - 4 runs, 3 hits, 1 error, 1 left on base; Minot 9 - Billings 1 |
| BOTTOM OF THE 8TH |
|
Billings Mustangs batting - Pitching for Minot Jets : RHP Josh West
|
|
Now in CF: James Britt
|
|
|
Batting: RHB Joseph Russell
|
0-0: Ball 1-0: Reached on error, E6 (Groundball, 6)
|
|
Pinch Hitting: LHB Eugene Quirk
|
0-0: Ball 1-0: Ball 2-0: DOUBLE (Line Drive, 9LM) Joseph Russell scores
|
|
Batting: LHB Juan Navarrete
|
0-0: Ball 1-0: Called Strike 1-1: Foul Ball, location: 2F 1-2: Fly out, F8 (Flyball, 8LS)
|
|
Batting: RHB Mark Hopper
|
0-0: Swinging Strike 0-1: Fly out, F8 (Line Drive, 8LD)
|
|
Batting: LHB Pedro Giugino
|
0-0: Ball 1-0: Ball 2-0: Fly out, F9 (Flyball, 9S)
|
| Bottom of the 8th over - 1 run, 1 hit, 1 error, 1 left on base; Minot 9 - Billings 2 |
| TOP OF THE 9TH |
|
Minot Jets batting - Pitching for Billings Mustangs : RHP Salvador Sandoval
|
|
Now in RF: Eugene Quirk
|
|
|
Pinch Hitting: LHB Jeffrey Nelson
|
0-0: Ball 1-0: Foul Ball, location: 2F 1-1: Ball 2-1: DOUBLE (Groundball, 5L)
|
|
Pinch Hitting: RHB Jeff Shourds
|
0-0: Called Strike 0-1: Swinging Strike 0-2: Ball 1-2: Ground out 6-3 (Groundball, 6)
|
|
Batting: LHB Orlando Sanchez
|
0-0: Ground out 1-3 (Groundball, 13) Jeffrey Nelson to third
|
|
Batting: RHB George Gross
|
0-0: Swinging Strike 0-1: Ball 1-1: Called Strike 1-2: Ground out 6-3 (Groundball, 6)
|
| Top of the 9th over - 0 runs, 1 hit, 0 errors, 1 left on base; Minot 9 - Billings 2 |
| BOTTOM OF THE 9TH |
|
Billings Mustangs batting - Pitching for Minot Jets : RHP Josh West
|
|
Now in LF: Steven Oliva
|
|
|
Now in RF: Jeffrey Nelson
|
|
|
Batting: LHB Tom Hester
|
0-0: Swinging Strike 0-1: Called Strike 0-2: Ball 1-2: Foul Ball, location: 2F 1-2: Hit by Pitch
|
|
Batting: LHB Stanley Davis
|
0-0: Ball 1-0: Grounds into double play, 4-6-3 (Groundball, 4)
|
|
Batting: RHB Aurin Matos
|
0-0: Ball 1-0: Ball 2-0: Foul Ball, location: 2F 2-1: Ball 3-1: Foul Ball, location: 2F 3-2: Base on Balls
|
|
Batting: RHB Michael Cash
|
0-0: Fielders Choice at 2nd, 6-4 (Groundball, 6)
|
| Bottom of the 9th over - 0 runs, 0 hits, 0 errors, 1 left on base; Minot 9 - Billings 2 |
|